Newfoundland Shamrocks vs Toronto St Pats
Created - Wednesday, July 5, 2023 at 07:37
Goals
|
| Newfoundland Shamrocks |
1 |
1 |
1 |
3 |
| Toronto St Pats |
2 |
3 |
1 |
6 |
|
Shots
|
| Newfoundland Shamrocks |
5 |
12 |
14 |
31 |
| Toronto St Pats |
17 |
10 |
13 |
40 |
|
1st period
1. Newfoundland Shamrocks , Sean Monahan 2 (Denis Gurianov 4) at 7:31
2. Toronto St Pats , Brad Malone 2 (Rudolfs Balcers 5, Glenn Gawdin 1) at 7:43
3. Toronto St Pats , Jesse Puljujarvi 3 (Quinton Byfield 6) at 14:28
Penalties :
Glenn Gawdin (TSP) for Tripping (Minor) at 2:58, Glenn Gawdin (TSP) for Fighting (Major) at 14:31, Samuel Poulin (NFS) for Fighting (Major) at 14:31, Ville Heinola (NFS) for Interference (Minor) at 14:53
2nd period
4. Newfoundland Shamrocks , Denis Gurianov 6 (Alex Chiasson 6, Drew O'Connor 3) at 0:30
5. Toronto St Pats , Liam Foudy 1 (Lassi Thomson 1) at 12:36
6. Toronto St Pats , Quinton Byfield 3 (Jesse Puljujarvi 6) at 13:10
7. Toronto St Pats , Pierre-Olivier Joseph 1 (Glenn Gawdin 2, Liam Foudy 3) at 15:51 (PP)
Penalties :
Alex Chiasson (NFS) for Hooking (Minor) at 0:37, Maxime Comtois (NFS) for Holding (Minor) at 14:51, Liam Foudy (TSP) for Roughing (Minor) at 15:59
3rd period
8. Toronto St Pats , Luke Henman 1 (Nicolas Beaudin 2, Lucas Carlsson 3) at 7:25
9. Newfoundland Shamrocks , Drew O'Connor 3 (Riley Barber 4, Samuel Poulin 1) at 17:11
Penalties :
Quinton Byfield (TSP) for Fighting (Major) at 11:54, Semyon Der-Arguchintsev (NFS) for Fighting (Major) at 11:54, Semyon Der-Arguchintsev (NFS) for instigated a fight (Minor) at 11:54, Semyon Der-Arguchintsev (NFS) for instigated a fight (10 Minutes Misconduct) at 11:54, Liam Foudy (TSP) for Fighting (Major) at 14:18, Nicolas Deslauriers (NFS) for Fighting (Major) at 14:18, Glenn Gawdin (TSP) for Interference (Minor) at 18:12, Ville Heinola (NFS) for Interference (Minor) at 18:15
Goalie Stats
Louis Domingue (NFS), 34 saves from 40 shots - (0.850), L, 3-2-0, 60:00 minutes
Jonathan Bernier (TSP), 28 saves from 31 shots - (0.903), W, 2-3-0, 60:00 minutes
Players Stats for Newfoundland Shamrocks
Player Name G A P +/- PIM S H SB GA TA FO MP PP MP PK MP
------------------------------------------------------------------------------------
Alec Regula 0 0 0 -3 0 1 3 4 0 3 0/0 26:36 2:14 3:27
Alex Chiasson 0 1 1 0 2 2 0 0 1 0 2/5 19:05 2:09 2:07
Denis Gurianov 1 1 2 0 0 4 1 1 1 0 0/1 20:51 2:09 3:49
Drew O'Connor 1 1 2 0 0 2 0 0 1 0 0/1 12:11 0:00 0:09
Dylan Coghlan 0 0 0 2 0 2 1 0 0 1 0/0 21:33 1:47 3:30
Filip Hallander 0 0 0 -1 0 0 1 0 0 0 1/5 8:00 0:00 0:00
Jacob Bernard-Docker 0 0 0 -1 0 2 0 0 0 1 0/0 12:37 0:00 0:00
Jon Merrill 0 0 0 -3 0 4 1 1 0 1 0/0 26:36 2:14 3:28
Maxime Comtois 0 0 0 -1 2 4 2 0 0 0 0/2 18:57 1:52 2:35
Nicolas Deslauriers 0 0 0 -1 5 0 1 0 0 0 0/0 13:41 1:52 0:00
Raphael Lavoie 0 0 0 -1 0 0 0 0 0 0 0/0 7:49 0:00 0:00
Riley Barber 0 1 1 0 0 2 2 2 3 0 0/1 13:45 0:00 0:00
Samuel Poulin 0 1 1 0 5 2 2 0 1 0 1/2 8:31 0:00 1:12
Sean Monahan 1 0 1 0 0 3 1 1 1 0 15/23 20:51 2:09 3:49
Semyon Der-Arguchintsev 0 0 0 -1 17 1 0 0 0 0 7/8 10:37 0:00 0:00
Tanner Laczynski 0 0 0 -1 0 1 2 0 0 0 10/20 16:18 1:52 0:13
Ville Heinola 0 0 0 2 4 0 1 0 0 0 0/0 19:53 1:46 2:36
Wyatte Wylie 0 0 0 -1 0 1 0 0 0 1 0/0 13:21 0:00 0:53
Players Stats for Toronto St Pats
Player Name G A P +/- PIM S H SB GA TA FO MP PP MP PK MP
------------------------------------------------------------------------------------
Antonio Stranges 0 0 0 1 0 0 1 0 0 0 0/0 8:54 0:00 0:00
Brad Malone 1 0 1 0 0 5 1 0 0 0 1/3 17:08 2:45 1:43
Connor Dewar 0 0 0 1 0 0 5 0 0 0 0/0 10:51 0:29 0:00
Glenn Gawdin 0 2 2 0 9 1 2 0 0 0 8/13 13:09 1:01 0:26
Ivan Lodnia 0 0 0 1 0 2 1 0 0 0 1/1 9:50 0:12 0:00
Jake Leschyshyn 0 0 0 1 0 3 2 0 1 0 7/13 13:22 0:00 2:08
Jesse Puljujarvi 1 1 2 0 0 5 1 0 1 0 1/2 20:44 4:53 0:00
Lassi Thomson 0 1 1 0 0 0 1 3 2 1 0/0 26:35 4:57 2:34
Liam Foudy 1 1 2 1 7 4 2 0 1 1 0/0 12:32 1:52 0:47
Lucas Carlsson 0 1 1 1 0 1 0 1 0 1 0/0 22:02 2:00 2:34
Luke Henman 1 0 1 1 0 4 0 0 0 0 0/1 9:24 0:00 0:00
Nicolas Beaudin 0 1 1 1 0 1 0 1 0 0 0/0 12:13 0:01 0:00
Nikita Okhotiuk 0 0 0 1 0 0 2 0 1 1 0/0 12:52 0:00 0:00
Pierre-Olivier Joseph 1 0 1 0 0 2 2 3 0 0 0/0 23:21 2:00 1:27
Quinton Byfield 1 1 2 0 5 1 0 0 0 1 13/34 18:31 2:54 0:13
Rudolfs Balcers 0 1 1 0 0 4 1 1 1 1 1/1 20:16 4:53 2:10
Scott Perunovich 0 0 0 1 0 2 1 2 0 1 0/0 22:57 4:56 1:27
Warren Foegele 0 0 0 0 0 5 4 1 0 1 0/0 19:34 1:52 0:35
3 Stars
1 - Jesse Puljujarvi (TSP)
2 - Pierre-Olivier Joseph (TSP)
3 - Luke Henman (TSP)
Power Play
Newfoundland Shamrocks - 0 on 3 Attempt(s) - 0.00%
Toronto St Pats - 1 on 5 Attempt(s) - 20.00%
Penalty Kill
Newfoundland Shamrocks - 4 on 5 Attempt(s) - 80.00%
- Score 0 goal in Penalty Kill
Toronto St Pats - 3 on 3 Attempt(s) - 100.00%
- Score 0 goal in Penalty Kill
Team Stat
Newfoundland Shamrocks - Hits : 18 - Faceoff Wins : 36 - Blocked Shots : 9 - Penalty Minutes : 35
Toronto St Pats - Hits : 26 - Faceoff Wins : 32 - Blocked Shots : 12 - Penalty Minutes : 21
Official
Referees : Jon Mclsaac and Ian Walsh
Linesman : Ryan Gibbons and Brian Mach
Game Notes
Samuel Poulin beats up Glenn Gawdin at 14:31 of 1st period
Quinton Byfield and Semyon Der-Arguchintsev fight to a draw at 11:54 of 3rd period
Nicolas Deslauriers beats up Liam Foudy at 14:18 of 3rd period
Newfoundland Shamrocks
5 vs 5 Forward
Center Left Wing Right Wing Time % Phy DF OF
1 Sean Monahan Denis Gurianov Alex Chiasson 30 1 2 2
2 Tanner Laczynski Maxime Comtois Nicolas Deslauriers 30 1 2 2
3 Semyon Der-Arguchintsev Drew O'Connor Riley Barber 25 1 2 2
4 Filip Hallander Samuel Poulin Raphael Lavoie 15 1 2 2
5 vs 5 Defense
Defense Defense Time % Phy DF OF
1 Jon Merrill Alec Regula 30 1 2 2
2 Dylan Coghlan Ville Heinola 30 1 2 2
3 Jacob Bernard-Docker Wyatte Wylie 25 1 2 2
4 Jon Merrill Alec Regula 15 1 2 2
PowerPlay Forward
Center Left Wing Right Wing Time % Phy DF OF
1 Sean Monahan Denis Gurianov Alex Chiasson 50 1 2 2
2 Tanner Laczynski Maxime Comtois Nicolas Deslauriers 50 1 2 2
PowerPlay Defense
Defense Defense Time % Phy DF OF
1 Jon Merrill Alec Regula 50 1 2 2
2 Dylan Coghlan Ville Heinola 50 1 2 2
Penalty Kill 4 Players Forward
Center Wing Time % Phy DF OF
1 Sean Monahan Denis Gurianov 50 1 2 2
2 Alex Chiasson Maxime Comtois 50 1 2 2
Penalty Kill 4 Players Defense
Defense Defense Time % Phy DF OF
1 Jon Merrill Alec Regula 50 1 2 2
2 Dylan Coghlan Ville Heinola 50 1 2 2
Penalty Kill - 3 Players Forward
Forward Time % Phy DF OF
1 Sean Monahan 50 1 2 2
2 Denis Gurianov 50 1 2 2
Penalty Kill - 3 Players Defense
Defense Defense Time % Phy DF OF
1 Jon Merrill Alec Regula 50 1 2 2
2 Dylan Coghlan Ville Heinola 50 1 2 2
4 vs 4 Forward
Center Wing Time % Phy DF OF
1 Sean Monahan Denis Gurianov 50 1 2 2
2 Alex Chiasson Maxime Comtois 50 1 2 2
4 vs 4 Defense
Defense Defense Time % Phy DF OF
1 Jon Merrill Alec Regula 50 1 2 2
2 Dylan Coghlan Ville Heinola 50 1 2 2
Last Minutes Offensive
Center Left Wing Right Wing Defense Defense
Sean Monahan Denis Gurianov Alex Chiasson Jon Merrill Alec Regula
Last Minutes Defensive
Center Left Wing Right Wing Defense Defense
Sean Monahan Denis Gurianov Alex Chiasson Jon Merrill Alec Regula
Goaltenders
Starting : Louis Domingue
Backup : Dustin Tokarski
Extra Forwards
Normal : Riley Barber, Drew O'Connor, Samuel Poulin - PP : Riley Barber, Drew O'Connor - PK : Samuel Poulin
Extra Defensemen
Normal : Jacob Bernard-Docker, Wyatte Wylie, Dylan Coghlan - PP : Jacob Bernard-Docker - PK : Wyatte Wylie, Dylan Coghlan
Penalty Shots
Sean Monahan, Denis Gurianov, Alex Chiasson, Maxime Comtois, Nicolas Deslauriers
Toronto St Pats
5 vs 5 Forward
Center Left Wing Right Wing Time % Phy DF OF
1 Quinton Byfield Warren Foegele Jesse Puljujarvi 40 1 2 2
2 Glenn Gawdin Brad Malone Rudolfs Balcers 30 1 2 2
3 Jake Leschyshyn Connor Dewar Liam Foudy 20 1 2 2
4 Luke Henman Antonio Stranges Ivan Lodnia 10 1 2 2
5 vs 5 Defense
Defense Defense Time % Phy DF OF
1 Lassi Thomson Pierre-Olivier Joseph 40 1 2 2
2 Scott Perunovich Lucas Carlsson 30 1 2 2
3 Nikita Okhotiuk Nicolas Beaudin 20 1 2 2
4 Scott Perunovich Lucas Carlsson 10 1 2 2
PowerPlay Forward
Center Left Wing Right Wing Time % Phy DF OF
1 Quinton Byfield Rudolfs Balcers Jesse Puljujarvi 60 1 2 2
2 Glenn Gawdin Warren Foegele Liam Foudy 40 1 2 2
PowerPlay Defense
Defense Defense Time % Phy DF OF
1 Lassi Thomson Scott Perunovich 60 1 2 2
2 Lucas Carlsson Pierre-Olivier Joseph 40 1 2 2
Penalty Kill 4 Players Forward
Center Wing Time % Phy DF OF
1 Jake Leschyshyn Rudolfs Balcers 60 1 2 2
2 Glenn Gawdin Brad Malone 40 1 2 2
Penalty Kill 4 Players Defense
Defense Defense Time % Phy DF OF
1 Lassi Thomson Lucas Carlsson 60 1 2 2
2 Pierre-Olivier Joseph Scott Perunovich 40 1 2 2
Penalty Kill - 3 Players Forward
Forward Time % Phy DF OF
1 Jake Leschyshyn 60 1 2 2
2 Glenn Gawdin 40 1 2 2
Penalty Kill - 3 Players Defense
Defense Defense Time % Phy DF OF
1 Lassi Thomson Lucas Carlsson 60 1 2 2
2 Pierre-Olivier Joseph Scott Perunovich 40 1 2 2
4 vs 4 Forward
Center Wing Time % Phy DF OF
1 Jake Leschyshyn Warren Foegele 60 1 2 2
2 Glenn Gawdin Rudolfs Balcers 40 1 2 2
4 vs 4 Defense
Defense Defense Time % Phy DF OF
1 Pierre-Olivier Joseph Scott Perunovich 60 1 2 2
2 Lucas Carlsson Nikita Okhotiuk 40 1 2 2
Last Minutes Offensive
Center Left Wing Right Wing Defense Defense
Quinton Byfield Rudolfs Balcers Jesse Puljujarvi Lassi Thomson Scott Perunovich
Last Minutes Defensive
Center Left Wing Right Wing Defense Defense
Glenn Gawdin Brad Malone Rudolfs Balcers Lassi Thomson Lucas Carlsson
Goaltenders
Starting : Jonathan Bernier
Backup : Jakub Skarek
Extra Forwards
Normal : Liam Foudy, Ivan Lodnia, Luke Henman - PP : Brad Malone, Connor Dewar - PK : Brad Malone
Extra Defensemen
Normal : Lucas Carlsson, Nikita Okhotiuk, Scott Perunovich - PP : Pierre-Olivier Joseph - PK : Scott Perunovich, Nikita Okhotiuk
Penalty Shots
Quinton Byfield, Glenn Gawdin, Liam Foudy, Pierre-Olivier Joseph, Luke Henman
% Time on Ice - Newfoundland Shamrocks
Lines # - Real PCT - Wanted PCT - Time Play
Normal Forward
1 - 30% - 30% - 14:00
2 - 30% - 30% - 14:20
3 - 24% - 25% - 11:09
4 - 17% - 15% - 7:49
Normal Defense
1 - 32% - 30% - 14:57
2 - 31% - 30% - 14:43
3 - 26% - 25% - 12:09
4 - 12% - 15% - 5:29
PP Forward
1 - 54% - 50% - 2:09
2 - 46% - 50% - 1:52
PP Defense
1 - 56% - 50% - 2:14
2 - 44% - 50% - 1:47
PK Forward
1 - 55% - 50% - 3:49
2 - 45% - 50% - 3:08
PK Defense
1 - 50% - 50% - 3:27
2 - 50% - 50% - 3:30
PK3 Forward
1 - 0% - 50%
2 - 0% - 50%
PK3 Defense
1 - 0% - 50%
2 - 0% - 50%
44 Forward
1 - 53% - 50% - 0:55
2 - 47% - 50% - 0:49
44 Defense
1 - 34% - 50% - 0:35
2 - 66% - 50% - 1:09
Last Minute Offensive - 0:00
Last Minute Defensive - 0:00
Total
Forward - 60:00
Defense - 60:00
|
% Time on Ice - Toronto St Pats
Lines # - Real PCT - Wanted PCT - Time Play
Normal Forward
1 - 34% - 40% - 15:57
2 - 26% - 30% - 12:25
3 - 22% - 20% - 10:20
4 - 18% - 10% - 8:36
Normal Defense
1 - 41% - 40% - 19:16
2 - 29% - 30% - 13:39
3 - 26% - 20% - 12:12
4 - 5% - 10% - 2:11
PP Forward
1 - 70% - 60% - 4:53
2 - 30% - 40% - 2:04
PP Defense
1 - 71% - 60% - 4:57
2 - 29% - 40% - 2:00
PK Forward
1 - 71% - 60% - 2:50
2 - 29% - 40% - 1:11
PK Defense
1 - 64% - 60% - 2:34
2 - 36% - 40% - 1:27
PK3 Forward
1 - 0% - 60%
2 - 0% - 40%
PK3 Defense
1 - 0% - 60%
2 - 0% - 40%
44 Forward
1 - 77% - 60% - 1:20
2 - 23% - 40% - 0:24
44 Defense
1 - 62% - 60% - 1:04
2 - 38% - 40% - 0:40
Last Minute Offensive - 0:00
Last Minute Defensive - 0:00
Total
Forward - 60:00
Defense - 60:00
|
Play-by-Play
1st period
0:01 of 1st period - Quinton Byfield wins face-off versus Denis Gurianov in neutral zone.
0:10 of 1st period - Wrist shot by Warren Foegele.
0:10 of 1st period - Stopped by Louis Domingue with a rebound.
0:12 of 1st period - Slapshot by Pierre-Olivier Joseph.
0:12 of 1st period - Shot Misses the Net.
0:14 of 1st period - Slapshot by Pierre-Olivier Joseph.
0:14 of 1st period - Shot Blocked by Denis Gurianov.
0:26 of 1st period - Jon Merrill is hit by Jake Leschyshyn.
0:27 of 1st period - Icing by Jon Merrill.
0:28 of 1st period - Jake Leschyshyn wins face-off versus Sean Monahan in Newfoundland Shamrocks zone.
0:34 of 1st period - Slapshot by Liam Foudy.
0:34 of 1st period - Shot Misses the Net.
0:43 of 1st period - Off-side.
0:44 of 1st period - Glenn Gawdin wins face-off versus Tanner Laczynski in neutral zone.
1:39 of 1st period - Snap shot by Ivan Lodnia.
1:39 of 1st period - Stopped by Louis Domingue with a rebound.
1:55 of 1st period - Connor Dewar is hit by Maxime Comtois and loses puck.
2:21 of 1st period - Slapshot by Rudolfs Balcers.
2:21 of 1st period - Deflect By Brad Malone.
2:21 of 1st period - Stopped by Louis Domingue without a rebound.
2:22 of 1st period - Semyon Der-Arguchintsev wins face-off versus Quinton Byfield in Newfoundland Shamrocks zone.
2:33 of 1st period - Wrist shot by Warren Foegele.
2:33 of 1st period - Shot Blocked by Alec Regula.
2:35 of 1st period - Slapshot by Pierre-Olivier Joseph.
2:35 of 1st period - Stopped by Louis Domingue without a rebound.
2:36 of 1st period - Glenn Gawdin wins face-off versus Tanner Laczynski in Newfoundland Shamrocks zone.
2:58 of 1st period - Minor Penalty to Glenn Gawdin for Tripping.
2:59 of 1st period - Jake Leschyshyn wins face-off versus Sean Monahan in Toronto St Pats zone.
3:14 of 1st period - Wrist shot by Sean Monahan.
3:14 of 1st period - Shot Misses the Net.
3:30 of 1st period - Slapshot by Jake Leschyshyn.
3:30 of 1st period - Shot Blocked by Jon Merrill.
3:36 of 1st period - Wrist shot by Maxime Comtois.
3:36 of 1st period - Shot Misses the Net.
3:40 of 1st period - Snap shot by Maxime Comtois.
3:40 of 1st period - Stopped by Jonathan Bernier without a rebound.
3:41 of 1st period - Jake Leschyshyn wins face-off versus Tanner Laczynski in Toronto St Pats zone.
4:58 of 1st period - Penalty to Glenn Gawdin is over, Glenn Gawdin is back on ice.
5:53 of 1st period - Snap shot by Riley Barber.
5:53 of 1st period - Stopped by Jonathan Bernier without a rebound.
5:54 of 1st period - Alex Chiasson wins face-off versus Glenn Gawdin in Toronto St Pats zone.
6:16 of 1st period - Icing by Lassi Thomson.
6:17 of 1st period - Semyon Der-Arguchintsev wins face-off versus Quinton Byfield in Toronto St Pats zone.
6:24 of 1st period - Snap shot by Riley Barber.
6:24 of 1st period - Shot Misses the Net.
6:26 of 1st period - Backhand shot by Jacob Bernard-Docker.
6:26 of 1st period - Stopped by Jonathan Bernier with a rebound.
6:28 of 1st period - Slapshot by Jacob Bernard-Docker.
6:28 of 1st period - Stopped by Jonathan Bernier without a rebound.
6:29 of 1st period - Sean Monahan wins face-off versus Quinton Byfield in Toronto St Pats zone.
6:38 of 1st period - Wrist shot by Warren Foegele.
6:38 of 1st period - Shot Misses the Net.
6:40 of 1st period - Wrist shot by Warren Foegele.
6:40 of 1st period - Stopped by Louis Domingue without a rebound.
6:41 of 1st period - Tanner Laczynski wins face-off versus Quinton Byfield in Newfoundland Shamrocks zone.
6:45 of 1st period - Off-side.
6:46 of 1st period - Quinton Byfield wins face-off versus Tanner Laczynski in neutral zone.
7:20 of 1st period - Slapshot by Tanner Laczynski.
7:20 of 1st period - Deflect By Nicolas Deslauriers.
7:20 of 1st period - Shot Blocked by Lassi Thomson.
7:20 of 1st period - Puck is out of play.
7:21 of 1st period - Sean Monahan wins face-off versus Quinton Byfield in Toronto St Pats zone.
7:31 of 1st period - Wrist shot by Sean Monahan.
7:31 of 1st period - Goal by Sean Monahan - Newfoundland Shamrocks : 1 - Toronto St Pats : 0.
7:32 of 1st period - Glenn Gawdin wins face-off versus Sean Monahan in neutral zone.
7:35 of 1st period - Wrist shot by Rudolfs Balcers.
7:35 of 1st period - Deflect By Brad Malone.
7:35 of 1st period - Stopped by Louis Domingue with a rebound.
7:37 of 1st period - Wrist shot by Rudolfs Balcers.
7:37 of 1st period - Stopped by Louis Domingue with a rebound.
7:41 of 1st period - Snap shot by Brad Malone.
7:41 of 1st period - Shot Misses the Net.
7:43 of 1st period - Snap shot by Brad Malone.
7:43 of 1st period - Goal by Brad Malone - Newfoundland Shamrocks : 1 - Toronto St Pats : 1.
7:44 of 1st period - Sean Monahan wins face-off versus Quinton Byfield in neutral zone.
8:09 of 1st period - Warren Foegele is hit by Samuel Poulin and loses puck.
8:22 of 1st period - Lucas Carlsson is hit by Filip Hallander and loses puck.
8:41 of 1st period - Snap shot by Warren Foegele.
8:41 of 1st period - Deflect By Riley Barber.
8:41 of 1st period - Shot Misses the Net.
8:41 of 1st period - Puck is out of play.
8:42 of 1st period - Tanner Laczynski wins face-off versus Glenn Gawdin in Newfoundland Shamrocks zone.
9:07 of 1st period - Denis Gurianov is hit by Jake Leschyshyn and loses puck.
9:16 of 1st period - Jake Leschyshyn is hit by Jon Merrill.
10:13 of 1st period - Snap shot by Jake Leschyshyn.
10:13 of 1st period - Stopped by Louis Domingue with a rebound.
10:15 of 1st period - Snap shot by Liam Foudy.
10:15 of 1st period - Shot Misses the Net.
10:47 of 1st period - Riley Barber is hit by Pierre-Olivier Joseph.
10:51 of 1st period - Snap shot by Rudolfs Balcers.
10:51 of 1st period - Stopped by Louis Domingue with a rebound.
10:53 of 1st period - Wrist shot by Brad Malone.
10:53 of 1st period - Deflect By Rudolfs Balcers.
10:53 of 1st period - Shot Misses the Net.
10:53 of 1st period - Puck is out of play.
10:54 of 1st period - Glenn Gawdin wins face-off versus Tanner Laczynski in Newfoundland Shamrocks zone.
10:55 of 1st period - Wrist shot by Rudolfs Balcers.
10:55 of 1st period - Stopped by Louis Domingue with a rebound.
11:19 of 1st period - Glenn Gawdin is hit by Riley Barber and loses puck.
11:42 of 1st period - Wrist shot by Brad Malone.
11:42 of 1st period - Shot Misses the Net.
11:48 of 1st period - Wrist shot by Rudolfs Balcers.
11:48 of 1st period - Stopped by Louis Domingue without a rebound.
11:49 of 1st period - Quinton Byfield wins face-off versus Sean Monahan in Newfoundland Shamrocks zone.
12:00 of 1st period - Snap shot by Quinton Byfield.
12:00 of 1st period - Shot Blocked by Sean Monahan.
12:02 of 1st period - Slapshot by Jesse Puljujarvi.
12:02 of 1st period - Shot Misses the Net.
12:04 of 1st period - Snap shot by Quinton Byfield.
12:04 of 1st period - Shot Misses the Net.
12:27 of 1st period - Wrist shot by Sean Monahan.
12:27 of 1st period - Shot Misses the Net.
13:15 of 1st period - Snap shot by Denis Gurianov.
13:15 of 1st period - Deflect By Alex Chiasson.
13:15 of 1st period - Shot Misses the Net.
13:15 of 1st period - Puck is out of play.
13:16 of 1st period - Quinton Byfield wins face-off versus Tanner Laczynski in Toronto St Pats zone.
13:29 of 1st period - Snap shot by Jesse Puljujarvi.
13:29 of 1st period - Shot Blocked by Alec Regula.
13:31 of 1st period - Backhand shot by Warren Foegele.
13:31 of 1st period - Stopped by Louis Domingue without a rebound.
13:32 of 1st period - Jake Leschyshyn wins face-off versus Semyon Der-Arguchintsev in Newfoundland Shamrocks zone.
13:35 of 1st period - Snap shot by Jake Leschyshyn.
13:35 of 1st period - Stopped by Louis Domingue without a rebound.
13:36 of 1st period - Semyon Der-Arguchintsev wins face-off versus Jake Leschyshyn in Newfoundland Shamrocks zone.
13:51 of 1st period - Snap shot by Liam Foudy.
13:51 of 1st period - Stopped by Louis Domingue with a rebound.
14:21 of 1st period - Tanner Laczynski is hit by Warren Foegele and loses puck.
14:28 of 1st period - Snap shot by Jesse Puljujarvi.
14:28 of 1st period - Goal by Jesse Puljujarvi - Newfoundland Shamrocks : 1 - Toronto St Pats : 2.
14:29 of 1st period - Glenn Gawdin wins face-off versus Filip Hallander in neutral zone.
14:31 of 1st period - Samuel Poulin beats up Glenn Gawdin.
14:31 of 1st period - Penalty to Glenn Gawdin for Fighting.
14:31 of 1st period - Penalty to Samuel Poulin for Fighting.
14:32 of 1st period - Quinton Byfield wins face-off versus Filip Hallander in Newfoundland Shamrocks zone.
14:43 of 1st period - Snap shot by Jesse Puljujarvi.
14:43 of 1st period - Stopped by Louis Domingue with a rebound.
14:53 of 1st period - Minor Penalty to Ville Heinola for Interference.
14:54 of 1st period - Sean Monahan wins face-off versus Quinton Byfield in Newfoundland Shamrocks zone.
15:05 of 1st period - Snap shot by Rudolfs Balcers.
15:05 of 1st period - Shot Misses the Net.
16:50 of 1st period - Alec Regula is hit by Connor Dewar and loses puck.
16:53 of 1st period - Penalty to Ville Heinola is over, Ville Heinola is back on ice.
17:03 of 1st period - Dylan Coghlan is hit by Pierre-Olivier Joseph and loses puck.
17:53 of 1st period - Lassi Thomson is hit by Denis Gurianov and loses puck.
19:04 of 1st period - Scott Perunovich is hit by Riley Barber and loses puck.
19:21 of 1st period - Warren Foegele is hit by Tanner Laczynski.
19:49 of 1st period - Nicolas Deslauriers is hit by Antonio Stranges.
Goals for this period are 1 for Newfoundland Shamrocks vs 2 for Toronto St Pats.
Shots for this period are 5 for Newfoundland Shamrocks vs 17 for Toronto St Pats.
2nd period
0:01 of 2nd period - Semyon Der-Arguchintsev wins face-off versus Quinton Byfield in neutral zone.
0:30 of 2nd period - Wrist shot by Denis Gurianov.
0:30 of 2nd period - Goal by Denis Gurianov - Newfoundland Shamrocks : 2 - Toronto St Pats : 2.
0:31 of 2nd period - Quinton Byfield wins face-off versus Sean Monahan in neutral zone.
0:37 of 2nd period - Minor Penalty to Alex Chiasson for Hooking.
0:38 of 2nd period - Sean Monahan wins face-off versus Quinton Byfield in Newfoundland Shamrocks zone.
1:08 of 2nd period - Samuel Poulin is hit by Lassi Thomson and loses puck.
1:28 of 2nd period - Icing by Jesse Puljujarvi.
1:29 of 2nd period - Quinton Byfield wins face-off versus Sean Monahan in Toronto St Pats zone.
1:50 of 2nd period - Snap shot by Warren Foegele.
1:50 of 2nd period - Stopped by Louis Domingue with a rebound.
1:52 of 2nd period - Slapshot by Liam Foudy.
1:52 of 2nd period - Stopped by Louis Domingue without a rebound.
1:53 of 2nd period - Samuel Poulin wins face-off versus Quinton Byfield in Newfoundland Shamrocks zone.
2:23 of 2nd period - Off-side.
2:24 of 2nd period - Quinton Byfield wins face-off versus Samuel Poulin in neutral zone.
2:37 of 2nd period - Penalty to Alex Chiasson is over, Alex Chiasson is back on ice.
3:10 of 2nd period - Wrist shot by Luke Henman.
3:10 of 2nd period - Stopped by Louis Domingue without a rebound.
3:11 of 2nd period - Tanner Laczynski wins face-off versus Luke Henman in Newfoundland Shamrocks zone.
3:11 of 2nd period - Tanner Laczynski is hit by Ivan Lodnia.
3:23 of 2nd period - Wrist shot by Luke Henman.
3:23 of 2nd period - Stopped by Louis Domingue without a rebound.
3:24 of 2nd period - Sean Monahan wins face-off versus Quinton Byfield in Newfoundland Shamrocks zone.
3:39 of 2nd period - Pierre-Olivier Joseph is hit by Sean Monahan and loses puck.
3:50 of 2nd period - Pierre-Olivier Joseph is hit by Maxime Comtois and loses puck.
4:15 of 2nd period - Snap shot by Riley Barber.
4:15 of 2nd period - Deflect By Drew O'Connor.
4:15 of 2nd period - Stopped by Jonathan Bernier with a rebound.
4:57 of 2nd period - Backhand shot by Alex Chiasson.
4:57 of 2nd period - Stopped by Jonathan Bernier with a rebound.
4:59 of 2nd period - Snap shot by Sean Monahan.
4:59 of 2nd period - Shot Misses the Net.
5:19 of 2nd period - Snap shot by Tanner Laczynski.
5:19 of 2nd period - Shot Blocked by Rudolfs Balcers.
5:21 of 2nd period - Slapshot by Jon Merrill.
5:21 of 2nd period - Stopped by Jonathan Bernier with a rebound.
5:31 of 2nd period - Semyon Der-Arguchintsev is hit by Connor Dewar and loses puck.
5:38 of 2nd period - Snap shot by Jon Merrill.
5:38 of 2nd period - Stopped by Jonathan Bernier without a rebound.
5:39 of 2nd period - Quinton Byfield wins face-off versus Sean Monahan in Toronto St Pats zone.
6:13 of 2nd period - Ville Heinola is hit by Glenn Gawdin and loses puck.
6:42 of 2nd period - Riley Barber is hit by Connor Dewar and loses puck.
7:01 of 2nd period - Slapshot by Raphael Lavoie.
7:01 of 2nd period - Shot Misses the Net.
7:03 of 2nd period - Snap shot by Raphael Lavoie.
7:03 of 2nd period - Shot Blocked by Warren Foegele.
7:15 of 2nd period - Icing by Warren Foegele.
7:16 of 2nd period - Sean Monahan wins face-off versus Quinton Byfield in Toronto St Pats zone.
7:17 of 2nd period - Wrist shot by Denis Gurianov.
7:17 of 2nd period - Stopped by Jonathan Bernier with a rebound.
7:19 of 2nd period - Slapshot by Wyatte Wylie.
7:19 of 2nd period - Deflect By Jesse Puljujarvi.
7:19 of 2nd period - Stopped by Jonathan Bernier with a rebound.
7:25 of 2nd period - Snap shot by Denis Gurianov.
7:25 of 2nd period - Deflect By Sean Monahan.
7:25 of 2nd period - Shot Blocked by Lucas Carlsson.
7:25 of 2nd period - Puck is out of play.
7:26 of 2nd period - Glenn Gawdin wins face-off versus Sean Monahan in Toronto St Pats zone.
7:31 of 2nd period - Dylan Coghlan is hit by Rudolfs Balcers.
8:00 of 2nd period - Slapshot by Nicolas Deslauriers.
8:00 of 2nd period - Shot Misses the Net.
8:02 of 2nd period - Wrist shot by Alec Regula.
8:02 of 2nd period - Stopped by Jonathan Bernier without a rebound.
8:03 of 2nd period - Jake Leschyshyn wins face-off versus Riley Barber in Toronto St Pats zone.
8:08 of 2nd period - Semyon Der-Arguchintsev is hit by Liam Foudy and loses puck.
8:15 of 2nd period - Slapshot by Alec Regula.
8:15 of 2nd period - Shot Blocked by Pierre-Olivier Joseph.
8:17 of 2nd period - Slapshot by Jon Merrill.
8:17 of 2nd period - Stopped by Jonathan Bernier with a rebound.
8:19 of 2nd period - Wrist shot by Semyon Der-Arguchintsev.
8:19 of 2nd period - Shot Blocked by Pierre-Olivier Joseph.
9:22 of 2nd period - Wrist shot by Denis Gurianov.
9:22 of 2nd period - Shot Misses the Net.
9:40 of 2nd period - Denis Gurianov is hit by Nikita Okhotiuk and loses puck.
10:01 of 2nd period - Nicolas Deslauriers is hit by Warren Foegele and loses puck.
10:19 of 2nd period - Ville Heinola is hit by Scott Perunovich and loses puck.
10:44 of 2nd period - Nicolas Deslauriers is hit by Connor Dewar.
10:48 of 2nd period - Slapshot by Dylan Coghlan.
10:48 of 2nd period - Stopped by Jonathan Bernier with a rebound.
11:02 of 2nd period - Slapshot by Samuel Poulin.
11:02 of 2nd period - Shot Misses the Net.
11:04 of 2nd period - Slapshot by Alec Regula.
11:04 of 2nd period - Deflect By Filip Hallander.
11:04 of 2nd period - Shot Misses the Net.
11:04 of 2nd period - Puck is out of play.
11:05 of 2nd period - Jesse Puljujarvi wins face-off versus Filip Hallander in Toronto St Pats zone.
11:40 of 2nd period - Snap shot by Riley Barber.
11:40 of 2nd period - Stopped by Jonathan Bernier with a rebound.
12:14 of 2nd period - Snap shot by Dylan Coghlan.
12:14 of 2nd period - Shot Misses the Net.
12:32 of 2nd period - Jacob Bernard-Docker is hit by Connor Dewar.
12:36 of 2nd period - Wrist shot by Liam Foudy.
12:36 of 2nd period - Goal by Liam Foudy - Newfoundland Shamrocks : 2 - Toronto St Pats : 3.
12:37 of 2nd period - Quinton Byfield wins face-off versus Drew O'Connor in neutral zone.
12:44 of 2nd period - Wrist shot by Warren Foegele.
12:44 of 2nd period - Shot Blocked by Alec Regula.
12:46 of 2nd period - Slapshot by Warren Foegele.
12:46 of 2nd period - Stopped by Louis Domingue without a rebound.
12:47 of 2nd period - Semyon Der-Arguchintsev wins face-off versus Quinton Byfield in Newfoundland Shamrocks zone.
13:10 of 2nd period - Snap shot by Quinton Byfield.
13:10 of 2nd period - Goal by Quinton Byfield - Newfoundland Shamrocks : 2 - Toronto St Pats : 4.
13:11 of 2nd period - Quinton Byfield wins face-off versus Tanner Laczynski in neutral zone.
13:16 of 2nd period - Wrist shot by Jesse Puljujarvi.
13:16 of 2nd period - Stopped by Louis Domingue without a rebound.
13:17 of 2nd period - Tanner Laczynski wins face-off versus Quinton Byfield in Newfoundland Shamrocks zone.
13:17 of 2nd period - Tanner Laczynski is hit by Warren Foegele.
13:25 of 2nd period - Quinton Byfield is hit by Nicolas Deslauriers and loses puck.
14:12 of 2nd period - Wrist shot by Liam Foudy.
14:12 of 2nd period - Stopped by Louis Domingue with a rebound.
14:51 of 2nd period - Minor Penalty to Maxime Comtois for Holding.
14:52 of 2nd period - Alex Chiasson wins face-off versus Jesse Puljujarvi in Newfoundland Shamrocks zone.
15:00 of 2nd period - Snap shot by Sean Monahan.
15:00 of 2nd period - Stopped by Jonathan Bernier with a rebound.
15:30 of 2nd period - Jesse Puljujarvi is hit by Dylan Coghlan and loses puck.
15:47 of 2nd period - Snap shot by Liam Foudy.
15:47 of 2nd period - Shot Misses the Net.
15:49 of 2nd period - Wrist shot by Glenn Gawdin.
15:49 of 2nd period - Shot Blocked by Alec Regula.
15:51 of 2nd period - Slapshot by Pierre-Olivier Joseph.
15:51 of 2nd period - Goal by Pierre-Olivier Joseph - Newfoundland Shamrocks : 2 - Toronto St Pats : 5.
15:52 of 2nd period - Sean Monahan wins face-off versus Jake Leschyshyn in neutral zone.
15:59 of 2nd period - Minor Penalty to Liam Foudy for Roughing.
16:00 of 2nd period - Jake Leschyshyn wins face-off versus Tanner Laczynski in Toronto St Pats zone.
16:00 of 2nd period - Jake Leschyshyn is hit by Tanner Laczynski.
16:15 of 2nd period - Snap shot by Tanner Laczynski.
16:15 of 2nd period - Shot Misses the Net.
17:55 of 2nd period - Quinton Byfield is hit by Alec Regula and loses puck.
17:59 of 2nd period - Penalty to Liam Foudy is over, Liam Foudy is back on ice.
18:19 of 2nd period - Snap shot by Lucas Carlsson.
18:19 of 2nd period - Shot Blocked by Riley Barber.
Goals for this period are 1 for Newfoundland Shamrocks vs 3 for Toronto St Pats.
Shots for this period are 12 for Newfoundland Shamrocks vs 10 for Toronto St Pats.
3rd period
0:01 of 3rd period - Sean Monahan wins face-off versus Quinton Byfield in neutral zone.
0:26 of 3rd period - Dylan Coghlan is hit by Liam Foudy.
1:03 of 3rd period - Icing by Alec Regula.
1:04 of 3rd period - Sean Monahan wins face-off versus Quinton Byfield in Newfoundland Shamrocks zone.
1:11 of 3rd period - Jesse Puljujarvi is hit by Alec Regula.
2:45 of 3rd period - Off-side.
2:46 of 3rd period - Glenn Gawdin wins face-off versus Tanner Laczynski in neutral zone.
2:49 of 3rd period - Snap shot by Brad Malone.
2:49 of 3rd period - Stopped by Louis Domingue without a rebound.
2:50 of 3rd period - Tanner Laczynski wins face-off versus Glenn Gawdin in Newfoundland Shamrocks zone.
3:06 of 3rd period - Slapshot by Glenn Gawdin.
3:06 of 3rd period - Shot Misses the Net.
3:20 of 3rd period - Snap shot by Drew O'Connor.
3:20 of 3rd period - Deflect By Semyon Der-Arguchintsev.
3:20 of 3rd period - Stopped by Jonathan Bernier without a rebound.
3:21 of 3rd period - Semyon Der-Arguchintsev wins face-off versus Quinton Byfield in Toronto St Pats zone.
3:25 of 3rd period - Icing by Quinton Byfield.
3:26 of 3rd period - Tanner Laczynski wins face-off versus Quinton Byfield in Toronto St Pats zone.
3:27 of 3rd period - Snap shot by Maxime Comtois.
3:27 of 3rd period - Stopped by Jonathan Bernier without a rebound.
3:28 of 3rd period - Tanner Laczynski wins face-off versus Quinton Byfield in Toronto St Pats zone.
3:29 of 3rd period - Slapshot by Maxime Comtois.
3:29 of 3rd period - Shot Misses the Net.
3:31 of 3rd period - Snap shot by Tanner Laczynski.
3:31 of 3rd period - Stopped by Jonathan Bernier with a rebound.
3:35 of 3rd period - Wrist shot by Nicolas Deslauriers.
3:35 of 3rd period - Shot Misses the Net.
3:39 of 3rd period - Slapshot by Maxime Comtois.
3:39 of 3rd period - Shot Misses the Net.
3:41 of 3rd period - Snap shot by Maxime Comtois.
3:41 of 3rd period - Shot Misses the Net.
3:57 of 3rd period - Wrist shot by Riley Barber.
3:57 of 3rd period - Shot Blocked by Scott Perunovich.
3:59 of 3rd period - Slapshot by Riley Barber.
3:59 of 3rd period - Shot Misses the Net.
4:01 of 3rd period - Slapshot by Semyon Der-Arguchintsev.
4:01 of 3rd period - Shot Misses the Net.
4:03 of 3rd period - Snap shot by Semyon Der-Arguchintsev.
4:03 of 3rd period - Shot Blocked by Scott Perunovich.
4:05 of 3rd period - Slapshot by Dylan Coghlan.
4:05 of 3rd period - Stopped by Jonathan Bernier with a rebound.
4:15 of 3rd period - Slapshot by Denis Gurianov.
4:15 of 3rd period - Stopped by Jonathan Bernier without a rebound.
4:16 of 3rd period - Sean Monahan wins face-off versus Glenn Gawdin in Toronto St Pats zone.
4:17 of 3rd period - Snap shot by Denis Gurianov.
4:17 of 3rd period - Shot Misses the Net.
4:19 of 3rd period - Slapshot by Alec Regula.
4:19 of 3rd period - Shot Blocked by Lassi Thomson.
4:21 of 3rd period - Wrist shot by Alex Chiasson.
4:21 of 3rd period - Stopped by Jonathan Bernier with a rebound.
4:23 of 3rd period - Wrist shot by Alex Chiasson.
4:23 of 3rd period - Shot Misses the Net.
4:25 of 3rd period - Snap shot by Denis Gurianov.
4:25 of 3rd period - Stopped by Jonathan Bernier with a rebound.
4:27 of 3rd period - Wrist shot by Denis Gurianov.
4:27 of 3rd period - Shot Misses the Net.
4:29 of 3rd period - Snap shot by Sean Monahan.
4:29 of 3rd period - Shot Blocked by Pierre-Olivier Joseph.
4:31 of 3rd period - Slapshot by Denis Gurianov.
4:31 of 3rd period - Shot Hit the Post.
5:06 of 3rd period - Wrist shot by Nicolas Deslauriers.
5:06 of 3rd period - Shot Misses the Net.
5:14 of 3rd period - Snap shot by Maxime Comtois.
5:14 of 3rd period - Stopped by Jonathan Bernier without a rebound.
5:15 of 3rd period - Quinton Byfield wins face-off versus Alex Chiasson in Toronto St Pats zone.
5:24 of 3rd period - Slapshot by Sean Monahan.
5:24 of 3rd period - Stopped by Jonathan Bernier with a rebound.
5:46 of 3rd period - Snap shot by Maxime Comtois.
5:46 of 3rd period - Stopped by Jonathan Bernier without a rebound.
5:47 of 3rd period - Tanner Laczynski wins face-off versus Jake Leschyshyn in Toronto St Pats zone.
5:52 of 3rd period - Wrist shot by Maxime Comtois.
5:52 of 3rd period - Shot Misses the Net.
6:55 of 3rd period - Wrist shot by Ivan Lodnia.
6:55 of 3rd period - Stopped by Louis Domingue without a rebound.
6:56 of 3rd period - Ivan Lodnia wins face-off versus Filip Hallander in Newfoundland Shamrocks zone.
7:17 of 3rd period - Snap shot by Lucas Carlsson.
7:17 of 3rd period - Stopped by Louis Domingue with a rebound.
7:19 of 3rd period - Wrist shot by Nicolas Beaudin.
7:19 of 3rd period - Stopped by Louis Domingue with a rebound.
7:21 of 3rd period - Snap shot by Nicolas Beaudin.
7:21 of 3rd period - Shot Misses the Net.
7:23 of 3rd period - Slapshot by Luke Henman.
7:23 of 3rd period - Stopped by Louis Domingue with a rebound.
7:25 of 3rd period - Snap shot by Luke Henman.
7:25 of 3rd period - Goal by Luke Henman - Newfoundland Shamrocks : 2 - Toronto St Pats : 6.
7:26 of 3rd period - Quinton Byfield wins face-off versus Tanner Laczynski in neutral zone.
7:31 of 3rd period - Alec Regula is hit by Jesse Puljujarvi and loses puck.
7:42 of 3rd period - Snap shot by Warren Foegele.
7:42 of 3rd period - Shot Misses the Net.
7:52 of 3rd period - Rudolfs Balcers is hit by Alec Regula and loses puck.
8:01 of 3rd period - Dylan Coghlan is hit by Brad Malone and loses puck.
8:22 of 3rd period - Wrist shot by Jake Leschyshyn.
8:22 of 3rd period - Stopped by Louis Domingue with a rebound.
8:34 of 3rd period - Snap shot by Ville Heinola.
8:34 of 3rd period - Shot Blocked by Lassi Thomson.
9:12 of 3rd period - Snap shot by Sean Monahan.
9:12 of 3rd period - Shot Blocked by Nicolas Beaudin.
9:36 of 3rd period - Riley Barber is hit by Nikita Okhotiuk and loses puck.
10:18 of 3rd period - Maxime Comtois is hit by Warren Foegele and loses puck.
10:34 of 3rd period - Jon Merrill is hit by Glenn Gawdin and loses puck.
10:56 of 3rd period - Off-side.
10:57 of 3rd period - Filip Hallander wins face-off versus Quinton Byfield in neutral zone.
11:04 of 3rd period - Wrist shot by Samuel Poulin.
11:04 of 3rd period - Shot Misses the Net.
11:53 of 3rd period - Slapshot by Ville Heinola.
11:53 of 3rd period - Deflect By Drew O'Connor.
11:53 of 3rd period - Shot Misses the Net.
11:53 of 3rd period - Puck is out of play.
11:54 of 3rd period - Semyon Der-Arguchintsev wins face-off versus Quinton Byfield in Toronto St Pats zone.
11:54 of 3rd period - Quinton Byfield and Semyon Der-Arguchintsev fight to a draw.
11:54 of 3rd period - Penalty to Quinton Byfield for Fighting.
11:54 of 3rd period - Penalty to Semyon Der-Arguchintsev for Fighting.
11:54 of 3rd period - Penalty to Semyon Der-Arguchintsev for instigated a fight.
11:54 of 3rd period - Penalty to Semyon Der-Arguchintsev for instigated a fight.
11:55 of 3rd period - Brad Malone wins face-off versus Alex Chiasson in Toronto St Pats zone.
12:02 of 3rd period - Wrist shot by Scott Perunovich.
12:02 of 3rd period - Stopped by Louis Domingue with a rebound.
12:04 of 3rd period - Wrist shot by Brad Malone.
12:04 of 3rd period - Stopped by Louis Domingue with a rebound.
12:06 of 3rd period - Slapshot by Scott Perunovich.
12:06 of 3rd period - Shot Misses the Net.
12:08 of 3rd period - Slapshot by Scott Perunovich.
12:08 of 3rd period - Stopped by Louis Domingue without a rebound.
12:09 of 3rd period - Sean Monahan wins face-off versus Brad Malone in Newfoundland Shamrocks zone.
12:16 of 3rd period - Snap shot by Jesse Puljujarvi.
12:16 of 3rd period - Shot Misses the Net.
12:18 of 3rd period - Wrist shot by Rudolfs Balcers.
12:18 of 3rd period - Deflect By Jesse Puljujarvi.
12:18 of 3rd period - Stopped by Louis Domingue without a rebound.
12:19 of 3rd period - Sean Monahan wins face-off versus Brad Malone in Newfoundland Shamrocks zone.
13:00 of 3rd period - Wrist shot by Jesse Puljujarvi.
13:00 of 3rd period - Stopped by Louis Domingue with a rebound.
13:54 of 3rd period - Penalty to Semyon Der-Arguchintsev is over, Samuel Poulin is send on ice.
14:07 of 3rd period - Snap shot by Jesse Puljujarvi.
14:07 of 3rd period - Deflect By Brad Malone.
14:07 of 3rd period - Shot Misses the Net.
14:07 of 3rd period - Puck is out of play.
14:08 of 3rd period - Tanner Laczynski wins face-off versus Jake Leschyshyn in Newfoundland Shamrocks zone.
14:18 of 3rd period - Nicolas Deslauriers beats up Liam Foudy.
14:18 of 3rd period - Penalty to Liam Foudy for Fighting.
14:18 of 3rd period - Penalty to Nicolas Deslauriers for Fighting.
14:19 of 3rd period - Jake Leschyshyn wins face-off versus Maxime Comtois in neutral zone.
14:26 of 3rd period - Snap shot by Ivan Lodnia.
14:26 of 3rd period - Shot Blocked by Riley Barber.
14:44 of 3rd period - Nicolas Beaudin is hit by Samuel Poulin and loses puck.
14:51 of 3rd period - Snap shot by Samuel Poulin.
14:51 of 3rd period - Stopped by Jonathan Bernier with a rebound.
14:55 of 3rd period - Wrist shot by Samuel Poulin.
14:55 of 3rd period - Stopped by Jonathan Bernier with a rebound.
15:10 of 3rd period - Connor Dewar is hit by Ville Heinola and loses puck.
16:38 of 3rd period - Off-side.
16:39 of 3rd period - Glenn Gawdin wins face-off versus Alex Chiasson in neutral zone.
17:11 of 3rd period - Snap shot by Drew O'Connor.
17:11 of 3rd period - Goal by Drew O'Connor - Newfoundland Shamrocks : 3 - Toronto St Pats : 6.
17:12 of 3rd period - Tanner Laczynski wins face-off versus Glenn Gawdin in neutral zone.
17:21 of 3rd period - Snap shot by Maxime Comtois.
17:21 of 3rd period - Deflect By Tanner Laczynski.
17:21 of 3rd period - Shot Misses the Net.
17:21 of 3rd period - Puck is out of play.
17:22 of 3rd period - Rudolfs Balcers wins face-off versus Maxime Comtois in Toronto St Pats zone.
17:31 of 3rd period - Snap shot by Glenn Gawdin.
17:31 of 3rd period - Stopped by Louis Domingue with a rebound.
18:12 of 3rd period - Minor Penalty to Glenn Gawdin for Interference.
18:13 of 3rd period - Sean Monahan wins face-off versus Jake Leschyshyn in Toronto St Pats zone.
18:15 of 3rd period - Minor Penalty to Ville Heinola for Interference.
18:16 of 3rd period - Sean Monahan wins face-off versus Jake Leschyshyn in Newfoundland Shamrocks zone.
18:24 of 3rd period - Slapshot by Jon Merrill.
18:24 of 3rd period - Deflect By Jake Leschyshyn.
18:24 of 3rd period - Stopped by Jonathan Bernier with a rebound.
19:18 of 3rd period - Penalty to Liam Foudy is over, Liam Foudy is back on ice.
19:18 of 3rd period - Penalty to Nicolas Deslauriers is over, Nicolas Deslauriers is back on ice.
Goals for this period are 1 for Newfoundland Shamrocks vs 1 for Toronto St Pats.
Shots for this period are 14 for Newfoundland Shamrocks vs 13 for Toronto St Pats.
Back to the Top